 Dungeon Crawl Stone Soup version 0.31-a0-698-g4a7cf283bb (webtiles) character file.

Game seed: 5793677735189059594

35 qw the Shooter (level 3, -1/21 HPs)
             Began as a Gargoyle Hunter on Sept 7, 2023.
             Slain by Robin
             ... wielding a +0 dagger
              (3 damage)
             ... on level 2 of the Dungeon.
             The game lasted 00:00:20 (714 turns).

qw the Shooter (Gargoyle Hunter)                     Turns: 714, Time: 00:00:21

Health: -1/21      AC:  8    Str: 14    XL:     3   Next: 33%
Magic:  3/3        EV: 10    Int:  9    God:
Gold:   62         SH:  0    Dex: 15    Spells: 2/2 levels left

rFire   . . .        Y - +1 shortbow (flame)
rCold   . . .        (shield currently unavailable)
rNeg    + . .        i - +0 ring mail
rPois   inf          (no helmet)
rElec   +            (no cloak)
rCorr   .            (no gloves)
SInv    +            (no boots)
Will    .....        (no amulet)
Stlth   +            g - ring of see invisible
HPRegen 0.23/turn    (no ring)
MPRegen 0.08/turn

%: no passive effects
@: no status effects
A: sickness immunity, AC +3, negative energy resistance 1, electricity
resistance, torment resistance 1, petrification resistance
a: no special abilities


You were on level 2 of the Dungeon.
You visited 1 branch of the dungeon, and saw 2 of its levels.

You collected 62 gold pieces.


Innate Abilities, Weirdness & Mutations

You are immune to sickness and miasma.
Your stone body is resilient. (AC +3)
You are immune to poison.
You resist negative energy. (rN+)
You are resistant to electric shocks. (rElec)
You are resistant to unholy torment.
You are immune to petrification.


   Skills:
 - Level 2.1 Fighting
 + Level 4.9 Ranged Weapons
 - Level 1.0 Armour
 - Level 1.5 Dodging
 - Level 1.1 Stealth


You had 2 spell levels left.
You didn't know any spells.
Your spell library was empty.

Inventory:

Hand Weapons
 Y - a +1 shortbow of flaming (weapon)
Armour
 i - a +0 ring mail (worn)
Jewellery
 g - a ring of see invisible (left hand)
Scrolls
 a - a scroll of identify
Potions
 f - a potion of degeneration {unknown}

Dungeon Overview and Level Annotations

Branches:
Dungeon (2/15)

Altars:

Annotations:
D:2 Robin


Message History

The goblin hits you but does no damage.
You shoot an arrow. The arrow hits the goblin!
The arrow burns the goblin.
You kill the goblin!
The goblin barely misses you.
You shoot an arrow. The arrow hits the dart slug.
The arrow burns the dart slug.
The dart slug is almost dead.
A goblin comes into view. It is wielding a +0 dagger.
The goblin closely misses you. The dart slug barely misses you.
You shoot an arrow. The goblin shouts!
The arrow hits the dart slug!
The arrow burns the dart slug.
You kill the dart slug!
The goblin hits you with a +0 club.
A hobgoblin comes into view.
The hobgoblin barely misses you. The goblin hits you with a +0 club.
Your Armour skill increases to level 1!
You shoot an arrow. The arrow barely misses the hobgoblin.
The hobgoblin closely misses you. Robin throws the goblin at you!
A goblin comes into view. It is wielding a +0 club.
The goblin closely misses you. The goblin hits you but does no damage.
You shoot an arrow. The arrow closely misses the hobgoblin.
The hobgoblin hits you.
Robin roars a battlecry!
The goblins go into a battle-frenzy!
The goblin hits you with a +0 club. The goblin hits you but does no damage.
You shoot an arrow. The arrow hits the hobgoblin!
The arrow burns the hobgoblin.
You kill the hobgoblin!
The goblin barely misses you. The goblin closely misses you.
You shoot an arrow. The arrow barely misses the goblin.
The arrow barely misses Robin.
The arrow closely misses the hobgoblin.
The goblin barely misses you. The goblin hits you but does no damage.
You shoot an arrow. The arrow hits Robin.
The arrow burns Robin.
Robin is moderately wounded.
Robin hits you but does no damage. The goblin barely misses you.
The goblin hits you with a +0 club. The goblin closely misses you.
Robin barely misses you. The goblin barely misses you.
You shoot an arrow. The arrow closely misses Robin.
Robin hits you with a +0 dagger.
You die...
Robin calls out, "Let's celebrate!
Time for a feast!"

#........#....>.
#....###.##..#.###
###....#.##.......
#..#.#....#...
#..#.........
#.....###.### ##
#.....'.....# .#
#.#...##.##.##g#g##.#
#...#..#.#..g@ggg.$..
##.##....#######.#...
#. ...### #. ....
..... ... ...


You could see Robin, a hobgoblin (strong) and 4 goblins.

Vanquished Creatures
  3 dart slugs
  4 endoplasms (D:1)
  2 giant cockroaches (D:1)
  4 goblins
  2 hobgoblins (D:2)
  2 jackals (D:1)
  2 quokkas (D:1)
  2 bats (D:1)
  A kobold (D:1)
  3 rats (D:1)
25 creatures vanquished.

Notes
Turn   | Place    | Note
-------+----------+-------------------------------------------
     0 | D:1      | qw the Gargoyle Hunter began the quest for the Orb.
     0 | D:1      | Reached XP level 1. HP: 12/12 MP: 1/1
     0 | D:1      | 0 ||| qw: Version: 0.3-a-76-g4403597
     0 | D:1      | 0 ||| qw: Game counter: 388
     0 | D:1      | 0 ||| qw: Melee chars always use a shield: true
     0 | D:1      | 0 ||| qw: God list: Okawaru
     0 | D:1      | 0 ||| qw: Allow faded altars: false
     0 | D:1      | 0 ||| qw: Do Orc after clearing Dungeon:15 true
     0 | D:1      | 0 ||| qw: Do second Lair branch before Depths: true
     0 | D:1      | 0 ||| qw: Lair rune preference: random
     0 | D:1      | 0 ||| qw: Goals: Normal
     0 | D:1      | 0 ||| PLANNING D:1-11
   200 | D:1      | Reached XP level 2. HP: 17/17 MP: 2/2
   526 | D:1      | Reached XP level 3. HP: 19/21 MP: 3/3
   627 | D:1      | 627 ||| UPGRADING to +0 ring mail.
   637 | D:1      | 637 ||| DROPPING +0 leather armour.
   638 | D:1      | 638 ||| UPGRADING to ring of see invisible.
   639 | D:1      | 639 ||| READING scroll labelled IDAJIA QUKAU.
   640 | D:1      | 640 ||| READING scroll labelled MOIGERR WATS.
   655 | D:1      | 655 ||| READING scroll labelled FAIMUOXUFF.
   656 | D:1      | 656 ||| READING scroll labelled ALAODWOEDU.
   657 | D:1      | 657 ||| READING scroll labelled METZUA LIBLUOTZ.
   658 | D:1      | 658 ||| READING scroll labelled DIABON JEERO.
   659 | D:1      | 659 ||| DROPPING scroll of butterflies.
   705 | D:2      | Noticed Robin
   709 | D:2      | Reached skill level 1 in Armour
   710 | D:2      | HP: 3/21 [goblin/+0 club[Robin] (5)]
   714 | D:2      | Slain by Robin

Levels and vault maps discovered:
D:1:      minmay_arrival_doors, layout_loops_cross, minmay_bisected
D:2:      layout_basic, uniq_terence, uniq_natasha, uniq_robin

Skill      XL: |  1  2  3 |
---------------+----------+-----
Armour         | 1 |  1.0
Fighting       | |  2.1
Ranged Weapons | |  4.9
Dodging        | |  1.5
Stealth        | |  1.1

Action                     || total
---------------------------++-------
   Fire: Shortbow          ||    87
    Use: Scroll            ||     6
 Armour: Leather armour    ||    23
         Ring mail         ||    17
  Dodge: Dodged            ||    34

Table legend:
 A = Non-vault XP
 B = Vault XP
 C = Vault XP percentage of total XP
 D = Non-vault monster count
 E = Vault monster count
 F = Vault count percentage of total count
                 A         B        C        D         E       F
            +---------+---------+-------+---------+---------+-------
      Total |      37 |      13 |  26.0 |      18 |       7 |  28.0
            +---------+---------+-------+---------+---------+-------
        D:1 |      33 |       3 |   8.3 |      17 |       2 |  10.5
        D:2 |       4 |      10 |  71.4 |       1 |       5 |  83.3
            +---------+---------+-------+---------+---------+-------
